 Dungeon Crawl Stone Soup version 0.22-a0-848-ge9e22a0 (webtiles) character file.

28271 Kuinu the Warrior (level 13, -1/189 HPs)
             Began as a Minotaur Fighter on July 26, 2018.
             Was a High Priest of Trog.
             Slain by a 15-headed hydra (7 damage)
             ... on level 4 of the Lair of Beasts.
             The game lasted 00:32:24 (13780 turns).

Kuinu the Warrior (Minotaur Fighter)               Turns: 13780, Time: 00:32:26

Health: -1/189     AC: 16    Str: 30    XL:     13   Next: 8%
Magic:  12/12      EV:  8    Int:  5    God:    Trog [*****.]
Gold:   603        SH:  0    Dex: 11    Spells: 12/12 levels left

rFire    x . .     SeeInvis .   k - +11 great sword of Keanuoti {vamp, +Blink rElec rF-}
rCold    + . .     Gourm    .   (shield currently unavailable)
rNeg     . . .     Faith    .   A - +0 plate armour
rPois    .         Spirit   .   (helmet restricted)
rElec    +         Reflect  .   (no cloak)
rCorr    .         Harm     .   v - +0 pair of gloves
MR       +....                  (no boots)
Stlth    ..........             w - amulet of the acrobat
HPRegen  0.41/turn              h - ring of protection from magic
MPRegen  0.13/turn              W - ring of protection from cold

@: berserking, very quick
A: retaliatory headbutt, horns 2
a: Berserk, Trog's Hand, Brothers in Arms, Renounce Religion, Evoke Blink


You were on level 4 of the Lair of Beasts.
You worshipped Trog.
Trog was extremely pleased with you.
You were full.

You visited 3 branches of the dungeon, and saw 17 of its levels.

You collected 971 gold pieces.
You spent 368 gold pieces at shops.

Inventory:

Hand Weapons
 k - the +11 great sword of Keanuoti (weapon) {vamp, +Blink rElec rF-}
   (You found it on level 5 of the Dungeon)

   It inflicts no extra harm, but heals its wielder when it wounds a living foe.
   It makes you vulnerable to fire.
   It insulates you from electricity.
   It lets you blink.
 y - a +0 long sword of holy wrath
 B - a +2 scimitar
 K - a cursed +4 scimitar
 S - a +3 antimagic bardiche
Armour
 b - a +0 scale mail
 v - a +0 pair of gloves (worn)
 A - a +0 plate armour (worn)
 T - a +2 large shield
Jewellery
 h - a ring of protection from magic (left hand)
 t - an uncursed amulet of the acrobat
 w - an amulet of the acrobat (around neck)
 I - an uncursed ring of flight
 W - a ring of protection from cold (right hand)
 Y - an uncursed amulet of faith {unknown}
Wands
 p - a wand of random effects (82)
 q - a wand of clouds (4)
 G - a wand of polymorph (4)
 N - a wand of disintegration (12)
 P - a wand of paralysis (41)
Scrolls
 a - a scroll of random uselessness {unknown}
 e - 2 scrolls of identify
 j - 5 scrolls of enchant armour
 n - 6 scrolls of remove curse
 o - 3 scrolls of fear
 s - 3 scrolls of amnesia
 x - a scroll of enchant weapon {unknown}
 z - a scroll of fog {unknown}
 H - 4 scrolls of teleportation
 L - a scroll of silence {unknown}
 M - a scroll of blinking
 Q - a scroll of brand weapon {unknown}
 R - 2 scrolls of immolation {unknown}
 U - 2 scrolls of magic mapping {unknown}
 X - a scroll of noise {unknown}
Potions
 d - a potion of mutation
 i - 3 potions of brilliance
 l - 9 potions of curing
 m - 2 potions of cancellation
 r - a potion of ambrosia {unknown}
 u - a potion of might
 C - 4 potions of invisibility
 D - a potion of haste {unknown}
 E - 5 potions of agility
 J - 2 potions of flight {unknown}
 O - a potion of degeneration {unknown}
 V - a potion of heal wounds
 Z - 2 potions of berserk rage {unknown}
Comestibles
 c - 5 chunks of flesh
 f - 28 rations


   Skills:
 * Level 15.1 Fighting
 * Level 14.9 Long Blades
 + Level 11.4 Armour
 + Level 11.4 Shields


You had 12 spell levels left.
You didn't know any spells.
Your spell library was empty.

Dungeon Overview and Level Annotations

Branches:
Dungeon (12/15)            Temple (1/1) D:4            Lair (4/6) D:11
  Swamp (0/4) Lair:2        Snake (0/4) Lair:2          Orc (0/2) D:10

Altars:
Ashenzari
Cheibriados
Dithmenos
Elyvilon
Fedhas
Gozag
Hepliaklqana
Kikubaaqudgha
Makhleb
Nemelex Xobeh
Okawaru
Qazlal
Ru
Sif Muna
Trog
Uskayaw
Vehumet
Wu Jian
Xom
Yredelemnul
Zin
The Shining One
Jiyva

Shops:
D:8 ?   D:12 [

Annotations:
D:8 3 runed doors, DEFE's ghost, novice HuEE; Wiebster667's ghost, journeyman HuFi
Lair:1 1 runed door, Uffexzam's ghost, journeyman DEFE
Lair:2 3 runed doors, Buarolus's ghost, journeyman DEFE


Innate Abilities, Weirdness & Mutations

You reflexively headbutt those who attack you in melee.
You have a pair of horns on your head.


Message History

The 15-headed hydra bites you!
* * * LOW HITPOINT WARNING * * *
The 15-headed hydra barely misses you.
The 15-headed hydra bites you but does no damage. x3
The 15-headed hydra bites you.
* * * LOW HITPOINT WARNING * * *
You closely miss the crocodile. The crocodile bites you!
* * * LOW HITPOINT WARNING * * *
The 15-headed hydra bites you but does no damage.
The 15-headed hydra closely misses you. The 15-headed hydra barely misses you.
The 15-headed hydra bites you!
* * * LOW HITPOINT WARNING * * *
The 15-headed hydra bites you but does no damage.
The 15-headed hydra closely misses you. The 15-headed hydra bites you.
* * * LOW HITPOINT WARNING * * *
The 15-headed hydra bites you but does no damage.
The 15-headed hydra barely misses you. The 15-headed hydra bites you.
* * * LOW HITPOINT WARNING * * *
The 15-headed hydra barely misses you. The 15-headed hydra bites you!
You die...

#.≈≈≈≈≈≈≈≈≈≈..............
#..≈≈≈≈≈≈≈≈≈...............
#..≈≈≈≈≈≈≈≈...)............
....≈≈..<.................
..........................#
.........<......#.###
..............#.##
.........D....###
........t@...##
.............#
..............#
..............#
.########....P# ##....#
#..## #.#


You could see a 15-headed hydra and a crocodile.

Vanquished Creatures
  3 two-headed ogres
  3 death yaks (Lair:2)
  Sonja (Lair:3)
  An unseen horror (D:10)
  Pikel (D:4)
  An oklob plant (Lair:1)
  2 ugly things
  A manticore (D:12)
  Joseph (D:8)
  A cyclops (D:11)
  A black mamba (Lair:3)
  9 spiny frogs
  A rime drake (Lair:3)
  2 trolls
  A queen bee (D:8)
  A polar bear (Lair:2)
  10 blink frogs (Lair:2)
  A hippogriff (Lair:3)
  3 slime creatures (D:9)
  2 wraiths (D:11)
  7 wyverns
  16 yaks
  5 basilisks
  A hungry ghost (D:12)
  4 vampire mosquitoes (D:12)
  4 water moccasins
  7 porcupines
  4 black bears
  11 orc warriors
  A phantom (D:4)
  2 ice beasts
  5 ogres
  16 wolves
  A centaur (D:12)
  4 crocodiles
  8 bullfrogs
  4 scorpions
  26 killer bees
  17 wights
  A howler monkey (D:4)
  An electric eel (Lair:2)
  7 crimson imps
  5 bullfrog zombies
  A centaur zombie (D:6)
  2 hounds (D:9)
  6 orc priests
  4 jellies
  A quasit (D:11)
  3 bullfrog skeletons
  Ijyb (D:3)
  An iguana (D:11)
  12 orc wizards
  6 worker ants
  A hound skeleton (D:5)
  12 adders
  2 shadow imps
  3 oozes
  An adder skeleton (D:6)
  2 worms
  A dart slug (D:2)
  6 leopard geckos
  48 orcs
  A ball python (D:3)
  2 giant cockroaches (D:1)
  7 goblins
  4 hobgoblins
  13 jackals
  4 kobolds
  4 quokkas
  6 bats
  5 frilled lizards
  A jackal skeleton (D:6)
  2 leopard gecko zombies
  A quokka zombie (D:6)
  4 rats (D:2)
  A plant (Lair:1)
371 creatures vanquished.

Vanquished Creatures (others)
  2 slaves (D:4)
  3 fungi
  4 plants
  2 withered plants (D:8)
11 creatures vanquished.

Grand Total: 382 creatures vanquished

Notes
Turn   | Place    | Note
-------+----------+-------------------------------------------
     0 | D:1      | Kuinu the Minotaur Fighter began the quest for the Orb.
     0 | D:1      | Reached XP level 1. HP: 19/19 MP: 0/0
   122 | D:1      | Reached XP level 2. HP: 27/27 MP: 1/1
   805 | D:2      | Reached skill level 4 in Fighting
  1096 | D:2      | Reached XP level 3. HP: 33/33 MP: 2/2
  1611 | D:3      | Reached XP level 4. HP: 25/41 MP: 3/3
  2209 | D:3      | Found a hide-covered altar of Uskayaw.
  2213 | D:3      | Found a shadowy altar of Dithmenos.
  2267 | D:3      | Noticed Ijyb
  2279 | D:3      | Killed Ijyb
  2311 | D:3      | Reached skill level 5 in Fighting
  2311 | D:3      | Reached XP level 5. HP: 44/48 MP: 4/4
  2499 | D:3      | Found a stormy altar of Qazlal.
  2626 | D:4      | Noticed a phantom
  2643 | D:4      | Killed a phantom
  2910 | D:4      | Noticed Pikel
  2910 | D:4      | Noticed a slave
  2910 | D:4      | Noticed a slave
  2916 | D:4      | Found an iron altar of Okawaru.
  2916 | D:4      | Noticed a slave
  2916 | D:4      | Noticed a slave
  2987 | D:4      | Killed Pikel
  2987 | D:4      | Reached skill level 6 in Fighting
  2987 | D:4      | Reached skill level 5 in Armour
  2987 | D:4      | Reached skill level 5 in Shields
  2987 | D:4      | Reached XP level 6. HP: 43/58 MP: 5/5
  2987 | D:4      | Reached XP level 7. HP: 48/64 MP: 6/6
  3007 | D:4      | Found a staircase to the Ecumenical Temple.
  3019 | Temple   | Entered the Ecumenical Temple
  3529 | D:4      | Found a radiant altar of Vehumet.
  3529 | D:4      | Found a sacrificial altar of Ru.
  3771 | D:4      | Reached skill level 7 in Fighting
  4155 | D:5      | Entered Level 5 of the Dungeon
  4164 | D:5      | Got a bloodstained great sword
  4165 | D:5      | Identified the +11 great sword of Keanuoti {vamp, +Blink rElec rF-} (You found it on level 5 of the Dungeon)
  4266 | D:5      | Reached XP level 8. HP: 68/73 MP: 7/7
  4283 | D:5      | Found an ancient bone altar of Kikubaaqudgha.
  4439 | D:5      | Found a bloodstained altar of Trog.
  4447 | D:5      | Became a worshipper of Trog the Wrathful
  4789 | D:6      | Found a glowing golden altar of the Shining One.
  4789 | D:6      | Found a glowing silver altar of Zin.
  4790 | D:6      | Found a white marble altar of Elyvilon.
  4858 | D:6      | Reached skill level 8 in Fighting
  4883 | D:6      | Reached * piety under Trog
  5344 | D:7      | Reached XP level 9. HP: 63/82 MP: 8/8
  5346 | D:7      | Reached skill level 9 in Fighting
  5431 | D:7      | Found a hazy altar of Hepliaklqana.
  5697 | D:7      | Found a deep blue altar of Sif Muna.
  5774 | D:7      | Reached ** piety under Trog
  5808 | D:7      | Found a sacrificial altar of Ru.
  5940 | D:8      | Found a snail-covered altar of Cheibriados.
  5964 | D:8      | Noticed a two-headed ogre
  5972 | D:8      | Killed a two-headed ogre
  5972 | D:8      | Reached skill level 10 in Fighting
  5972 | D:8      | Reached skill level 10 in Long Blades
  6061 | D:8      | Reached XP level 10. HP: 77/94 MP: 9/9
  6091 | D:8      | Noticed Joseph
  6103 | D:8      | Killed Joseph
  6104 | D:8      | Reached skill level 11 in Fighting
  6112 | D:8      | Reached *** piety under Trog
  6394 | D:8      | Found a runed gate.
  6394 | D:8      | Found a runed gate.
  6394 | D:8      | Found a runed gate.
  6399 | D:8      | Noticed Wiebster667's ghost (journeyman HuFi)
  6399 | D:8      | Noticed DEFE's ghost (novice HuEE)
  6424 | D:8      | Found Ciehumei's Magic Scroll Shop.
  6432 | D:8      | Bought a scroll of identify for 32 gold pieces
  6432 | D:8      | Bought a scroll of teleportation for 48 gold pieces
  6432 | D:8      | Bought a scroll of enchant armour for 120 gold pieces
  6432 | D:8      | Bought a scroll of blinking for 120 gold pieces
  6432 | D:8      | Bought a scroll of teleportation for 48 gold pieces
  6738 | D:8      | Found a white marble altar of Elyvilon.
  7093 | D:9      | Noticed a two-headed ogre
  7098 | D:9      | Killed a two-headed ogre
  7772 | D:10     | Entered Level 10 of the Dungeon
  7846 | D:10     | Found a staircase to the Orcish Mines.
  7890 | D:10     | Reached skill level 12 in Fighting
  7935 | D:10     | Reached **** piety under Trog
  7935 | D:10     | Reached XP level 11. HP: 102/104 MP: 10/10
  8031 | D:10     | Killed an unseen horror
  8537 | D:11     | Found a staircase to the Lair.
  8605 | D:11     | Noticed a red ugly thing
  8615 | D:11     | Killed a red ugly thing
  8663 | D:11     | Reached skill level 13 in Fighting
  9116 | D:11     | Reached ***** piety under Trog
  9147 | D:11     | Reached skill level 10 in Shields
  9391 | D:11     | Noticed a two-headed ogre
  9399 | D:11     | Killed a two-headed ogre
  9399 | D:11     | Reached skill level 10 in Armour
  9815 | D:12     | Received a gift from Trog
 10052 | D:12     | Found Loham's Antique Armour Emporium.
 10111 | D:12     | Reached XP level 12. HP: 115/115 MP: 11/11
 10485 | Lair:1   | Entered Level 1 of the Lair of Beasts
 10675 | Lair:1   | Reached skill level 14 in Fighting
 11128 | Lair:1   | Found a runed door.
 11128 | Lair:1   | Found a shimmering altar of Xom.
 11128 | Lair:1   | Noticed Uffexzam's ghost (journeyman DEFE)
 11129 | Lair:1   | Found the -2 hat of the Alchemist {rElec rPois rF+ rC+ rN+ MR+ rMut rCorr}
 12018 | Lair:2   | Found a staircase to the Swamp.
 12098 | Lair:2   | Found a staircase to the Snake Pit.
 12105 | Lair:2   | Received a gift from Trog
 12227 | Lair:2   | Found a runed gate.
 12228 | Lair:2   | Found a runed gate.
 12228 | Lair:2   | Found a runed gate.
 12229 | Lair:2   | Noticed a death ooze
 12235 | Lair:2   | Found a viscous altar of Jiyva.
 12235 | Lair:2   | Noticed Buarolus's ghost (journeyman DEFE)
 12369 | Lair:2   | Noticed a death yak
 12369 | Lair:2   | Noticed a death yak
 12369 | Lair:2   | Noticed a death yak
 12380 | Lair:2   | Killed a death yak
 12385 | Lair:2   | Killed a death yak
 12391 | Lair:2   | Killed a death yak
 12773 | Lair:3   | Noticed Sonja
 13236 | Lair:3   | Found a shimmering altar of Xom.
 13253 | Lair:3   | Reached skill level 15 in Fighting
 13555 | Lair:3   | Reached XP level 13. HP: 83/126 MP: 12/12
 13567 | Lair:3   | Killed Sonja
 13780 | Lair:4   | HP: 6/189 [15-headed hydra (6)]
 13780 | Lair:4   | Slain by a 15-headed hydra

Vault maps used:
D:1:      minmay_arrival_four_circles
D:2:      minmay_wonky_spiral
D:3:      nicolae_overflow_hidden_temple, grunt_qazlal_clouds, uniq_ijyb
D:4:      old_standard_altar, gammafunk_temple_overflow_pools,
          minmay_temple_entry_glassed_door, first_ration, minmay_crystal_water,
          uniq_pikel
D:5:      overflow_temple_1_default, bloody_trog
D:6:      good_gods_mini_temple
D:7:      lemuel_coloured_pillars_altar, basic_altar, nicolae_ru_path_of_blood
D:8:      lemuel_crystal_altar, serial_shops, shop, gammafunk_ghost_cemetery,
          basic_altar, david_nohive_1, uniq_joseph
D:10:     orc_0_dummy
D:11:     minmay_lair_entry_grove, onia_ninara_dug_in_and_dangerous
D:12:     serial_shops, shop
Temple:   cyrus_temple_forest
Lair:1:   beast_lair_carwin_large_2, ebering_ghost_xom, st_stairs_10,
          grunt_megastairs_3, minmay_lair_oklob_chamber, lemuel_fruit_fields,
          infiniplex_staircase_pool_2
Lair:2:   swamp_mist_pool, dummy_snake_entry, gammafunk_ghost_ooze,
          lemuel_fruit_fields
Lair:3:   basic_altar, uniq_sonja
Lair:4:   infiniplex_staircase_pool, grunt_megastairs_1, uniq_rupert

Skill      XL: |  1  2  3  4  5  6  7  8  9 10 11 12 |
---------------+-------------------------------------+-----
Fighting       | 4 5 6 7 8 10 12 13 15 | 15.1
Long Blades    | 3 4 6 8 10 11 13 14 | 14.9
Armour         | 4 5 6 7 9 10 11 | 11.4
Shields        | 4 5 6 8 9 10 11 | 11.4

Action                   |  1- 3 |  4- 6 |  7- 9 | 10-12 | 13-15 || total
-------------------------+-------+-------+-------+-------+-------++-------
Melee: Long sword        |   107 |    79 |    32 |       |       ||   218
       Headbutt          |    18 |    17 |    37 |    86 |     5 ||   163
       Great sword       |       |       |   149 |   442 |    23 ||   614
Invok: Berserk           |       |       |       |       |     1 ||     1
       Trog's Hand       |       |       |       |       |     1 ||     1
  Use: Potion            |       |     4 |       |     5 |     2 ||    11
       Scroll            |       |       |     2 |    14 |       ||    16
  Eat: Chunk             |     2 |     4 |     7 |    17 |       ||    30
       Ration            |       |       |     4 |     3 |       ||     7
Armor: Scale mail        |    43 |    31 |    38 |       |       ||   112
       Plate armour      |       |       |    93 |   284 |    55 ||   432
Dodge: Dodged            |    40 |    28 |   112 |   248 |    35 ||   463
Block: Shield            |    51 |    43 |    14 |       |       ||   108
       Rpst.: Long sword |     9 |    12 |     4 |       |       ||    25
       Great sword       |       |       |    31 |    66 |     3 ||   100

Table legend:
 A = Spawn XP
 B = Non-spawn XP
 C = Spawn XP percentage of total XP
 D = Spawn monster count
 E = Non-spawn monster count
 F = Spawn count percentage of total count
 G = Total turns spent on level
                    A         B        C        D         E        F      G
               +---------+---------+-------+---------+---------+-------+---------
         Total |       0 |   40388 |   0.0 |       0 |     370 |   0.0 | 13780
               +---------+---------+-------+---------+---------+-------+---------
           D:1 |       0 |      17 |   0.0 |       0 |       7 |   0.0 |   763
           D:2 |       0 |      44 |   0.0 |       0 |      18 |   0.0 |   633
           D:3 |       0 |     147 |   0.0 |       0 |      29 |   0.0 |  1191
           D:4 |       0 |    1070 |   0.0 |       0 |      19 |   0.0 |  1482
           D:5 |       0 |     252 |   0.0 |       0 |      16 |   0.0 |   554
           D:6 |       0 |     907 |   0.0 |       0 |      28 |   0.0 |   572
           D:7 |       0 |    1705 |   0.0 |       0 |      32 |   0.0 |   654
           D:8 |       0 |    3447 |   0.0 |       0 |      36 |   0.0 |   996
           D:9 |       0 |    2441 |   0.0 |       0 |      21 |   0.0 |   841
          D:10 |       0 |    3114 |   0.0 |       0 |      26 |   0.0 |   638
          D:11 |       0 |    6635 |   0.0 |       0 |      44 |   0.0 |  1425
          D:12 |       0 |    3768 |   0.0 |       0 |      30 |   0.0 |   650
        Lair:1 |       0 |    3723 |   0.0 |       0 |      18 |   0.0 |  1243
        Lair:2 |       0 |    8720 |   0.0 |       0 |      30 |   0.0 |  1045
        Lair:3 |       0 |    3507 |   0.0 |       0 |      12 |   0.0 |   916
        Lair:4 |       0 |     891 |   0.0 |       0 |       4 |   0.0 |    91
               +---------+---------+-------+---------+---------+-------+---------
